Map: Frozen Temple

Players

Miszu - Winner!

  • Race: Terran Terran
  • League: Master

TTD

  • Race: Terran Terran
  • League: Master

VOD

Have the link to the VOD?

Description

Time

  • Played on: April 5, 2016, 3:40 p.m.
  • Length: 23:40
Show
View Real Time Build Order
Export as new Build Order

Miszu Terran - Winner!

Build Orders: 1/1/1, MMM Bio, Banshee Rush 

Get SALT Encoding   

  12  0:01  SCV  
  13  0:14  SCV  
  14  0:18  Supply Depot  
  14  0:26  SCV  
  14  0:28  Refinery  
  15  0:40  SCV  
  16  0:45  Barracks  
  16  0:55  Refinery  
  16  0:58  SCV  
  17  1:10  SCV  
  19  1:33  Factory, Orbital Command  
  19  1:38  Reaper  
  19  1:48  Supply Depot  
  19  1:58  SCV  
  20  2:10  Reaper  
  20  2:11  SCV  
  22  2:18  Starport  
  22  2:23  SCV  
  22  2:28  Hellion  
  25  2:35  SCV  
  26  2:39  Supply Depot  
  26  2:47  SCV  
  26  2:48  Barracks Tech Lab  
  29  2:51  Hellion  
  29  2:59  SCV  
  29  3:05  Supply Depot  
  30  3:12  SCV  
  31  3:22  Cloaking Field, Banshee  
  33  3:35  SCV  
  34  3:48  SCV  
  35  3:52  Command Center  
  35  4:00  SCV  
  36  4:06  Banshee  
  36  4:08  Factory Reactor  
  39  4:10  Factory Tech Lab  
  39  4:12  Barracks Reactor, SCV  
  41  4:24  SCV  
  41  4:33  Command Center  
  41  4:36  SCV  
  42  4:48  SCV  
  42  4:49  Marine x2  
  45  4:59  Starport Reactor  
  45  5:00  SCV  
  45  5:05  Orbital Command  
  46  5:09  Barracks  
  46  5:12  Barracks, SCV  
  42  5:15  Siege Tank  
  42  5:16  Marine  
  46  5:23  Marine  
  46  5:24  SCV  
  45  5:32  SCV  
  46  5:36  Medivac, SCV  
  49  5:44  SCV  
  49  5:47  Orbital Command  
  49  5:48  SCV  
  49  5:52  Marine x2  
  49  5:56  SCV  
  52  6:01  SCV  
  52  6:02  Marine  
  52  6:04  Barracks Tech Lab, Stimpack  
  55  6:07  Refinery  
  55  6:08  Refinery, SCV  
  55  6:10  Marine  
  56  6:13  Marine, SCV  
  56  6:14  Engineering Bay  
  56  6:16  Engineering Bay  
  57  6:20  Marine, SCV  
  57  6:21  Siege Tank  
  57  6:25  Marine  
  62  6:27  Marine, Orbital Command  
  64  6:34  Barracks  
  64  6:35  Marine, Barracks  
  64  6:36  Medivac  
  64  6:38  SCV  
  64  6:39  SCV  
  69  6:45  Terran Infantry Armor Level 1  
  69  6:47  Terran Infantry Weapons Level 1  
  69  6:50  SCV  
  69  6:54  Marine x2  
  70  6:55  SCV x2  
  70  6:57  Marine x2  
  70  6:59  Combat Shields  
  76  7:02  SCV  
  77  7:11  SCV  
  77  7:16  SCV  
  77  7:19  Supply Depot  
  77  7:20  Supply Depot  
  77  7:34  Barracks Reactor x2  
  77  7:37  Supply Depot  
  77  7:38  Supply Depot, Armory  
  77  7:39  Marine x4, SCV x3  
  77  7:40  Siege Tank  
  77  7:42  Supply Depot  
  77  7:43  Supply Depot  
  87  7:52  SCV x3  
  87  7:57  Marine x4  
  94  8:04  SCV x3  
  97  8:07  Medivac x2  
  97  8:11  Refinery x2  
  101  8:13  Factory  
  101  8:14  Marine x3, Siege Tank  
  101  8:15  Marine  
  101  8:16  SCV x2  
  101  8:19  Marine x2  
  112  8:21  Factory  
  112  8:22  SCV  
  113  8:28  SCV x2  
  113  8:32  Marine x2  
  113  8:33  Marine  
  113  8:34  SCV  
  121  8:36  Marine  
  121  8:38  Marauder  
  121  8:39  Marauder  
  121  8:40  Medivac, SCV  
  127  8:41  SCV  
  127  8:47  Barracks Tech Lab  
  127  8:55  Concussive Shells  
  121  8:57  Terran Infantry Armor Level 2, Terran Infantry Weapons Level 2  
  121  9:00  Marauder  
  103  9:12  Marauder  
  103  9:14  Marauder  
  95  9:21  Marauder  
  97  9:24  Marine  
  97  9:25  Marine x3  
  101  9:33  Marauder  
  101  9:35  Marine  
  104  9:41  Command Center  
  104  9:42  Marine x2, Barracks  
  104  9:43  Marine x3, Barracks  
  104  9:44  Barracks, Widow Mine  
  104  9:45  Medivac  
  113  9:54  Marauder  
  113  9:56  SCV x2  
  113  9:57  SCV  
  117  10:04  Bunker  
  116  10:08  SCV  
  116  10:12  Marine x3, Marauder, Widow Mine  
  116  10:13  Marine, Marauder  
  127  10:14  Marine  
  128  10:27  Supply Depot  
  128  10:28  Medivac  
  130  10:30  Marine x2  
  130  10:33  Marauder  
  130  10:34  Marauder x2  
  138  10:36  Barracks Tech Lab  
  138  10:41  Barracks Reactor  
  134  10:45  Barracks Tech Lab  
  134  10:46  SCV  
  134  10:47  Marine  
  134  10:48  Marine  
  136  10:52  Bunker  
  136  10:54  Marauder x2  
  136  10:55  Marauder x2  
  144  11:03  Marine x2  
  144  11:04  Marauder  
  148  11:06  Marine  
  149  11:15  Marauder  
  149  11:16  Marauder  
  149  11:17  Marauder x2  
  157  11:23  Marine  
  157  11:24  Marine x5  
  163  11:37  Marine  
  164  12:03  Supply Depot x2, Terran Infantry Armor Level 3  
  164  12:04  Terran Infantry Weapons Level 3, Supply Depot x3  
  164  12:06  Supply Depot  
  164  12:09  Planetary Fortress  
  164  12:18  Marine  
  164  12:19  Marine x2  
  164  12:20  Marine, Marauder  
  164  12:24  Marine x2, Medivac  
  164  12:25  Marauder x4  
  175  12:36  Marine, Medivac  
  174  12:37  Marine x2  
  174  12:41  Marauder  
  174  12:42  Marine  
  174  12:43  Marine x2  
  181  12:46  Marine, Marauder x3  
  188  12:53  Marine  
  188  12:54  Medivac  
  188  12:55  Marine x2  
  193  13:00  Marine  
  193  13:01  Marine x2  
  193  13:03  Marauder  
  193  13:04  Marine  
  193  13:05  Command Center  
  195  13:06  Medivac  
  195  13:07  Marine  
  195  13:08  Marauder  
  200  13:16  Starport  
  200  13:17  Starport  
  200  13:18  Command Center  
  186  13:42  Marine x5, Marauder x2  
  186  13:43  Marine x2  
  190  13:57  Marauder  
  182  14:04  Marine x9, Marauder  
  182  14:05  Medivac x2  
  192  14:10  Starport Tech Lab  
  192  14:16  Starport Tech Lab  
  192  14:18  Marauder  
  192  14:23  Refinery, Marauder  
  196  14:24  Barracks  
  196  14:25  Barracks  
  196  14:27  Barracks  
  196  14:28  Refinery, Marauder  
  198  14:31  Marauder  
  198  14:35  Command Center  
  192  14:59  Marauder  
  177  15:00  Marauder  
  177  15:01  Marauder x3  
  177  15:04  Medivac x2  
  186  15:21  Marauder  
  186  15:22  Marauder x4  
  190  15:34  Medivac x2  
  176  15:43  Marauder  
  174  15:52  Marine x6, Marauder  
  174  15:53  Planetary Fortress  
  182  16:04  Medivac x2  
  179  16:11  Medivac, Command Center  
  179  16:12  Medivac  
  183  16:23  Marine x2, Marauder x3  
  191  16:34  Medivac x2  
  191  16:35  Marauder  
  191  16:36  Marauder  
  191  16:38  Marine  
  136  16:57  Marauder x2  
  136  16:58  Marauder x3  
  136  16:59  Marine x6  
  128  17:04  Medivac  
  129  17:15  Medivac x3  
  131  17:17  Marine x5  
  131  17:18  Marauder  
  131  17:19  Marauder x4  
  150  17:26  Marine  
  150  17:27  Marine x3  
  154  17:34  Marine, Medivac  
  154  17:35  Marine x4  
  159  17:40  Marauder x2  
  159  17:41  Marauder x3  
  169  17:44  Marine  
  169  17:45  Marine x3, Medivac x2  
  177  17:52  Marine  
  177  17:53  Marine x4  
  182  18:00  Planetary Fortress  
  182  18:01  Marauder x2  
  182  18:02  Marine, Marauder x3  
  186  18:17  Marine  
  186  18:18  Marine x7  
  188  18:22  Marauder  
  188  18:23  Marauder x4  
  198  18:27  Marine  
  199  18:40  Marine  
  200  18:44  Command Center  
  199  18:57  Marine  
  196  19:16  Marauder  
  190  19:18  Marauder  
  190  19:19  Marine x6, Marauder  
  198  19:25  Marauder  
  195  19:41  Marauder  
  195  19:42  Marine, Marauder  
  195  19:43  Marine x6, Marauder  
  200  19:52  Marauder  
  185  19:57  Marine, Marauder  
  185  19:58  Marine  
  185  19:59  Marine  
  170  20:00  Marine  
  170  20:01  Marine x5  
  170  20:02  Marine  
  170  20:03  Marine  
  170  20:04  Marine  
  179  20:13  Medivac, Marauder  
  179  20:14  Medivac x3  
  179  20:15  Marine x2, Planetary Fortress  
  179  20:17  Marine  
  179  20:18  Marine x2  
  179  20:19  Marine x5  
  179  20:20  Marine x2  
  193  20:22  Marine  
  194  20:33  Marine x2  
  194  20:34  Marauder  
  194  20:35  Marine  
  185  20:36  Marine x2  
  185  20:37  Marine x5  
  185  20:39  Marauder x2  
  185  20:40  Marauder  
  191  20:43  Medivac  
  178  20:50  Marine  
  178  20:51  Marine  
  178  20:53  Marine  
  178  20:54  Marine x6  
  178  20:55  Marine x2  
  185  20:59  Marine  
  185  21:00  Marine  
  185  21:01  Marine  
  187  21:08  Marine  
  187  21:09  Marine  
  187  21:11  Marine  
  165  21:12  Marine x6, Marauder  
  165  21:13  Marine  
  165  21:17  Marine  
  165  21:18  Marauder  
  158  21:19  Marauder  
  154  21:26  Marine  
  154  21:27  Marine  
  154  21:29  Marine x2  
  154  21:30  Marine x5  
  154  21:31  Marauder  
  164  21:34  Marauder  
  164  21:36  Marauder  
  164  21:39  Marine  
  160  21:40  Marine  
  160  21:44  Marine x2  
  160  21:46  Marine  
  145  21:47  Marine  
  145  21:48  Marine x5  
  145  21:53  Marauder  
  134  21:54  Marine  
  134  21:56  Marine  
  134  21:57  Marine  
  134  21:58  Marine  
  134  22:00  SCV  
  131  22:02  Marine x2  
  131  22:04  Marine  
  131  22:05  Marine  
  131  22:06  Marine x5  
  138  22:13  Marauder  
  138  22:14  Marauder  
  138  22:15  Marauder x2  
  142  22:16  Marauder  
  142  22:20  Marine x2  
  142  22:22  Marine  
  147  22:23  Marine x3  
  147  22:24  Marine x3  
  141  22:34  Marauder  
  141  22:35  Marine  
  141  22:36  Marauder x2  
  137  22:37  Marine x2  
  122  22:45  Marine  
  122  22:46  Medivac x3  
  122  22:51  Planetary Fortress  
  123  22:53  Marauder  
  123  22:55  Marauder  
  123  22:56  Marauder  
  123  22:57  Marauder  
  123  22:58  Marine x4, Marauder  
  134  23:00  Marine  
  134  23:02  SCV x2  
  140  23:07  SCV  
  141  23:14  Marine, SCV x2  
  141  23:19  SCV  
Show
View Real Time Build Order
Export as new Build Order

TTD Terran 

Build Orders: Reaper Expand, Mech 

Get SALT Encoding   

  12  0:01  SCV  
  13  0:13  SCV  
  14  0:18  Supply Depot  
  14  0:26  SCV  
  15  0:40  SCV  
  15  0:41  Barracks  
  16  0:46  Refinery  
  16  0:52  SCV  
  18  1:04  SCV  
  18  1:17  SCV  
  19  1:29  Orbital Command  
  19  1:31  Reaper  
  20  1:46  Command Center  
  20  1:51  Supply Depot  
  20  1:56  SCV  
  21  2:03  Marine  
  22  2:10  Factory  
  22  2:12  SCV  
  23  2:18  Bunker  
  23  2:21  Marine  
  24  2:24  SCV  
  25  2:36  SCV  
  26  2:39  Marine  
  27  2:48  SCV  
  28  2:54  Engineering Bay, Starport  
  28  2:57  Marine  
  29  2:59  Hellion  
  29  3:04  Orbital Command  
  31  3:06  SCV  
  32  3:14  Marine  
  33  3:20  Hellion  
  33  3:24  SCV  
  36  3:28  Refinery  
  36  3:29  SCV  
  36  3:33  Viking  
  39  3:38  SCV  
  39  3:39  Missile Turret  
  40  3:42  Missile Turret  
  40  3:43  SCV  
  40  3:45  Factory Tech Lab  
  41  3:50  SCV  
  42  3:56  Supply Depot  
  42  3:58  SCV  
  43  4:07  Viking, Missile Turret  
  43  4:09  SCV  
  46  4:18  Supply Depot, SCV  
  46  4:20  Siege Tank  
  46  4:21  SCV  
  46  4:22  Marine  
  52  4:30  SCV  
  53  4:32  Supply Depot  
  53  4:33  SCV  
  54  4:39  Viking  
  54  4:42  Supply Depot, SCV  
  58  4:45  SCV  
  58  4:54  Siege Tank, SCV  
  58  4:57  SCV  
  62  5:00  Refinery x2  
  62  5:06  SCV  
  60  5:09  SCV  
  61  5:18  SCV  
  62  5:22  SCV  
  62  5:24  Starport Reactor  
  63  5:30  SCV  
  63  5:34  SCV  
  65  5:36  Command Center  
  65  5:39  Hellion  
  65  5:42  Factory, SCV  
  68  5:46  SCV  
  69  5:53  Barracks Reactor  
  69  5:54  SCV  
  70  5:57  Factory x2  
  70  5:58  SCV  
  71  6:06  Supply Depot, SCV  
  71  6:07  Supply Depot, Viking x2  
  71  6:10  SCV  
  77  6:19  SCV  
  77  6:25  Supply Depot  
  78  6:26  Supply Depot  
  78  6:28  Hellion, SCV  
  78  6:30  Armory  
  81  6:35  Infernal Pre-Igniter  
  81  6:36  SCV  
  82  6:42  Barracks Reactor  
  82  6:43  Factory Tech Lab x2  
  82  6:46  Viking  
  84  6:52  SCV  
  84  6:53  Orbital Command  
  85  6:57  Supply Depot, Viking  
  89  7:01  Hellion x2  
  89  7:02  SCV  
  92  7:15  SCV, Orbital Command  
  93  7:24  Supply Depot, Factory  
  93  7:25  Supply Depot, Siege Tank x2  
  93  7:26  Hellion  
  93  7:28  SCV  
  99  7:31  SCV  
  100  7:42  Hellion x2, SCV  
  100  7:43  SCV  
  106  7:46  Supply Depot  
  106  7:47  Supply Depot  
  106  7:48  Terran Vehicle Weapons Level 1  
  106  7:53  SCV  
  106  7:56  SCV  
  106  7:58  Refinery  
  108  8:03  Refinery, SCV  
  109  8:07  Siege Tank x2  
  109  8:12  Supply Depot  
  115  8:15  SCV  
  115  8:16  Hellion x2  
  115  8:19  Hellion  
  122  8:20  Hellion  
  122  8:25  Siege Tank  
  127  8:36  SCV  
  127  8:37  Hellion  
  134  8:48  Hellion x2  
  134  8:52  Hellion x2, Siege Tank  
  134  8:53  Medivac x2  
  143  8:58  Hellion  
  143  9:00  Hellion  
  135  9:10  Hellion x2  
  135  9:13  Siege Tank  
  135  9:14  Hellion  
  117  9:19  Siege Tank  
  117  9:22  Hellion  
  117  9:24  Siege Tank  
  114  9:29  Medivac x2  
  118  9:33  Command Center  
  118  9:38  Factory, Hellion x2  
  122  9:40  Factory  
  122  9:44  Missile Turret  
  122  9:45  Missile Turret  
  122  9:46  Siege Tank  
  122  9:47  Hellion  
  127  9:53  Supply Depot  
  127  9:57  Hellion, Siege Tank  
  128  10:03  Terran Vehicle And Ship Armor Level 1  
  128  10:07  Hellion x2  
  128  10:08  Hellion  
  128  10:09  Viking  
  128  10:10  Hellion x3  
  130  10:17  Viking  
  130  10:22  Factory Tech Lab  
  130  10:23  Factory Tech Lab  
  130  10:34  Siege Tank  
  130  10:35  Hellion x4  
  137  10:49  Hellbat, Siege Tank  
  144  10:50  Hellbat  
  144  10:54  Supply Depot  
  144  10:55  Supply Depot  
  144  11:10  Refinery  
  144  11:11  Refinery  
  138  11:22  Medivac x2  
  138  11:23  Siege Tank x2  
  138  11:24  Hellion x4  
  138  11:25  Hellion x3  
  160  11:45  Hellion x2  
  160  11:46  Hellion, Siege Tank x2  
  172  11:52  Viking  
  174  11:56  Missile Turret  
  174  11:59  Missile Turret  
  174  12:00  Sensor Tower, Planetary Fortress  
  174  12:01  Missile Turret  
  174  12:07  Hellion  
  174  12:08  Hellion  
  178  12:13  Terran Vehicle Weapons Level 2  
  176  12:22  Missile Turret  
  176  12:23  Missile Turret  
  176  12:24  Missile Turret  
  176  12:25  Sensor Tower  
  176  12:29  Siege Tank  
  183  12:30  Hellion x2  
  169  12:50  Siege Tank  
  169  12:51  Hellbat x2  
  176  12:55  Siege Tank, Missile Turret x2  
  176  12:56  Siege Tank  
  176  12:57  Hellion x2  
  185  13:07  Siege Tank x2  
  185  13:12  Hellion x2  
  195  13:18  Hellbat x2  
  194  13:54  Hellbat, Siege Tank  
  193  14:05  Siege Tank  
  193  14:06  Hellbat x2  
  200  14:28  Terran Vehicle And Ship Armor Level 2  
  200  14:33  Starport x2  
  200  14:39  Command Center  
  192  15:02  Hellbat  
  192  15:05  Thor  
  191  15:38  Viking x2  
  191  15:40  Hellbat x2, Siege Tank x2  
  191  15:41  Hellbat, Hellion, Siege Tank  
  161  15:47  Command Center  
  161  15:48  Siege Tank x2  
  161  15:49  Refinery  
  140  15:50  Refinery  
  140  15:57  Starport Tech Lab x2  
  140  16:02  Hellbat x3, Hellion  
  148  16:08  Viking x2  
  152  16:12  Siege Tank x2  
  152  16:13  Siege Tank, Missile Turret  
  152  16:16  Sensor Tower  
  152  16:17  Missile Turret x2  
  161  16:24  Siege Tank  
  161  16:25  Hellbat x2, Hellion x2, Siege Tank, Missile Turret x2  
  175  16:26  Viking x2, Missile Turret  
  175  16:27  Sensor Tower  
  179  16:44  Hellion, Siege Tank  
  179  16:45  Siege Tank  
  179  16:46  Hellion  
  188  16:49  Hellion  
  188  16:52  Viking  
  158  16:56  Siege Tank  
  158  16:57  Siege Tank  
  158  17:01  Hellion x9  
  158  17:05  Siege Tank  
  161  17:11  Planetary Fortress  
  161  17:14  Hellbat  
  161  17:15  Hellion  
  165  17:16  Siege Tank  
  165  17:19  Hellbat  
  165  17:22  Hellion x3  
  170  17:28  Viking  
  170  17:29  Viking  
  174  17:37  Viking x2  
  178  17:52  Thor  
  178  17:53  Refinery  
  178  17:54  Refinery  
  182  17:59  Viking  
  182  18:02  Orbital Command  
  172  18:31  Viking  
  172  18:32  Terran Vehicle Weapons Level 3  
  174  18:36  Hellbat, Siege Tank  
  177  19:01  Siege Tank x2  
  177  19:02  Hellbat  
  173  19:16  Viking x2  
  175  19:21  Orbital Command  
  175  19:25  Hellbat, Siege Tank  
  175  19:30  Viking x2, Hellbat  
  186  19:33  Siege Tank  
  186  19:34  Siege Tank  
  186  19:36  Hellbat  
  182  19:46  Viking, Hellbat  
  182  19:51  Hellbat  
  186  19:57  Hellbat x2  
  182  20:13  Banshee x2  
  188  20:22  Orbital Command  
  188  20:28  Hellbat  
  188  20:29  Viking  
  188  20:30  Hellbat  
  188  20:41  Siege Tank  
  188  20:42  Hellbat x3  
  197  20:49  Hellbat  
  181  21:03  Viking, Siege Tank  
  186  21:07  Hellbat  
  174  21:20  Hellion x2  
  166  21:36  Hellbat x2, Siege Tank  
  166  21:37  Hellbat  
  153  21:46  Hellion x2  
  135  21:55  Viking  
  135  21:57  Siege Tank  
  135  21:58  Hellion  
  135  21:59  Hellbat  
  136  22:03  Viking  
  121  22:19  Hellion, Missile Turret  
  121  22:20  Siege Tank, Missile Turret  
  123  22:24  Viking  
  123  22:32  Viking  
  123  22:33  Hellion  
  114  22:44  Hellion x2  
  114  22:57  Siege Tank  
  114  22:58  Siege Tank  
  120  22:59  Starport Tech Lab  
  120  23:00  Hellion x2  
  120  23:03  Refinery  
  124  23:13  Command Center  
  124  23:14  Sensor Tower  
Tags
 
Add a new tag
Caveats
  • Supply blocks, unpowered buildings, or Contaminate may cause inaccurate times.
  • Supply counts are checked every 10 seconds.